 Dungeon Crawl Stone Soup version 0.16-a0-3300-g0332368 (webtiles) character file.

208 Ololoev the Poker (level 5, -1/41 HPs)
             Began as a Merfolk Abyssal Knight on Dec 25, 2014.
             Was a Priest of Lugonu.
             Killed from afar by Ijyb (4 damage)
             ... with a wand of magic darts
             ... on level 4 of the Dungeon.
             The game lasted 00:09:01 (3763 turns).

Ololoev the Poker (Merfolk Abyssal Knight)          Turns: 3763, Time: 00:09:01

Health: -1/41      AC:  6    Str: 14    XL:     5   Next: 86%
Magic:  1/6        EV: 10    Int: 11    God:    Lugonu [***...]
Gold:   181        SH:  0    Dex: 13    Spells: 0 memorised, 4 levels left

rFire  . . .     SeeInvis .     a - +2 spear
rCold  . . .     Clarity  .     h - +0 scale mail
rNeg   . . .     SustAb   .     (no shield)
rPois  .         Gourm    .     (no helmet)
rElec  .         Spirit   .     (no cloak)
rCorr  +         Warding  .     (no gloves)
rMut   .         Stasis   .     (no boots)
MR     .....                    e - amulet of resist corrosion
Stlth  ..........               (no ring)
                                (no ring)

@: not resistant to hostile enchantments, extremely unstealthy
A: change form in water, swift swim
a: Depart the Abyss, Bend Space, Banish, Renounce Religion


You were on level 4 of the Dungeon.
You worshipped Lugonu.
Lugonu was most pleased with you.
You were not hungry.

You visited 1 branch of the dungeon, and saw 4 of its levels.
You visited the Abyss 1 time.

You collected 181 gold pieces.

Notes
Turn   | Place    | Note
--------------------------------------------------------------
     0 | Abyss:1  | Ololoev, the Merfolk Abyssal Knight, began the quest for the Orb.
     0 | Abyss:1  | Reached XP level 1. HP: 18/18 MP: 1/1
    35 | Abyss:1  | Noticed a small abomination
    48 | D:1      | Escaped the Abyss
   182 | D:1      | Reached skill level 1 in Armour
   182 | D:1      | Reached XP level 2. HP: 22/24 MP: 2/2
   759 | D:2      | Acquired Lugonu's second power
   789 | D:2      | Reached skill level 4 in Polearms
   824 | D:2      | Reached XP level 3. HP: 26/29 MP: 3/3
  1621 | D:2      | Reached XP level 4. HP: 35/35 MP: 5/5
  1775 | D:3      | Reached skill level 5 in Polearms
  2065 | D:3      | Found a sparkling altar of Nemelex Xobeh.
  2288 | D:3      | Reached XP level 5. HP: 41/41 MP: 6/6
  2293 | D:3      | Acquired Lugonu's third power
  2360 | D:3      | HP: 2/41 [jackal (2)]
  3057 | D:3      | Reached skill level 6 in Polearms
  3617 | D:4      | Found Liurghuu's Food Shoppe.
  3728 | D:4      | HP: 1/41 [gnoll (2)]
  3746 | D:4      | Noticed Ijyb
  3753 | D:4      | HP: 2/41 [gnoll/spear (2)]
  3763 | D:4      | Killed from afar by Ijyb

Inventory:

Hand weapons
 a - a +2 spear (weapon)
Armour
 h - a +0 scale mail (worn)
Jewellery
 d - an uncursed amulet of stasis
 e - an amulet of resist corrosion (around neck)
 g - an uncursed amulet of warding
Scrolls
 f - 3 scrolls of teleportation
 n - a scroll of remove curse
Potions
 b - a potion of curing
 l - a potion of lignification {unknown}
 o - a potion of ambrosia {unknown}
Comestibles
 c - 4 bread rations

Table legend:
 A = Turns spent in this place as a percentage of turns spent in the entire game.
 B = Non-inter-level travel turns spent in this place as a percentage of non-inter-level travel turns spent in the entire game.
 C = Inter-level travel turns spent in this place as a percentage of turns spent in this place.
 D = Turns resting spent in this place as a percentage of non-inter-level travel turns spent in this place.
 E = Turns spent auto-exploring this place as a percentage of non-inter-level travel turns spent in this place.
 F = Non-inter-level travel turns spent in this place divided by the number of levels of this place that you've seen.
                   A       B       C       D       E      F
               +-------+-------+-------+-------+-------+----------------------
         Total | 100.0 | 100.0 |   0.2 |   2.8 |   6.9 | 293.2
       Dungeon |  96.4 |  96.4 |   0.2 |   2.9 |   7.1 | 353.2
         Abyss |   3.6 |   3.6 |   0.0 |   0.0 |   0.0 |  53.0
               +-------+-------+-------+-------+-------+----------------------


   Skills:
 - Level 3.2 Fighting
 + Level 6.3 Polearms
 + Level 2.9 Armour
 - Level 2.6 Dodging
 - Level 2.0 Invocations


You had 4 spell levels left.
You didn't know any spells.

Dungeon Overview and Level Annotations

Branches:
Dungeon (4/15)
 Temple: D:4-7

Altars:
Nemelex Xobeh

Shops:
D:4 %

Annotations:
D:4 Ijyb


Message History

Aim: a gnoll (chance 70%)
The gnoll is devoured by a tear in reality.
Lugonu claims a new guest.
You feel somewhat more hungry.
The gnoll hits you from afar with a spear.
The gnoll hits you.
Use which ability? (? or * to list)
You don't have enough magic at the moment.
The gnoll hits you but does no damage.
Use which ability? (? or * to list)
You don't have enough magic at the moment.
Ijyb the Twisted Goblin comes into view.
He is wielding a club.
The gnoll throws a stone.
The stone hits you but does no damage.
You see here a stone.
You hit the gnoll but do no damage.
The gnoll is heavily wounded.
The gnoll hits you but does no damage.
You hit the gnoll.
The gnoll is severely wounded.
The gnoll closely misses you.
You barely miss the gnoll.
The gnoll is heavily wounded.
The gnoll hits you from afar with a spear.
There is a stone staircase leading up here.
The gnoll closely misses you.
Ijyb screams, "Level is mine!
All mine!"
Use which ability? (? or * to list)
Press: ? - help, Shift-Dir - straight line, f - gnoll
Aim: a gnoll, wearing an ancient ring mail (heavily wounded, chance 70%)
You fail to use your ability.
Use which ability? (? or * to list)
Press: ? - help, Shift-Dir - straight line, f/p - gnoll
Aim: a gnoll, wearing an ancient ring mail (heavily wounded, chance 70%)
The gnoll is devoured by a tear in reality.
Lugonu claims a new guest.
You feel somewhat more hungry.
The gnoll throws a stone.
The stone hits you but does no damage.
The gnoll throws a stone.
The stone misses you.
Ijyb zaps a wand.
The magic dart hits you!
You die...

##### #.# #.# #..# #g#
#...###.#####.### #..# #.#
#.#........8.8.8# #..######.#
#...##......⌠.⌠.###....g....#
##.###..###8.∩.8....(..######
#.# #..# #.).⌠.###g#..# #.#
#..# #8.8.8# #.#..# #.# #..#
#..#### #.#..# #.#
#..###(@######.#..# #.#
#......(§.g..<.#..# #.#
#.####....g....#..#
#.###.##...# #.#########..#
#..........###.# #..#
.#######.....##. #..#
#........###....# #..#
##.#####.###.####### #..#
##...# #...######..#


You could see Ijyb and a gnoll.

Table legend:
 A = Kills in this place as a percentage of kills in entire the game.
 B = Kills by you in this place as a percentage of kills by you in the entire game.
 C = Kills by friends in this place as a percentage of kills by friends in the entire game.
 D = Other kills in this place as a percentage of other kills in the entire game.
 E = Experience gained in this place as a percentage of experience gained in the entire game.
 F = Experience gained in this place divided by the number of levels of this place that you have seen.
                   A       B       C       D       E      F
               +-------+-------+-------+-------+-------+----------------------
         Total | 100.0 | 100.0 |  -nan | 100.0 | 100.0 |  59.6
       Dungeon | 100.0 | 100.0 |  -nan | 100.0 | 100.0 |  74.5
               +-------+-------+-------+-------+-------+----------------------

Vanquished Creatures
  An orc wizard (D:3)
  A worker ant (D:3)
  6 adders
  A worm (D:2)
  A giant gecko (D:4)
  3 orcs (D:2)
  A ball python (D:3)
  3 giant cockroaches (D:2)
  18 goblins
  12 hobgoblins
  11 jackals
  A quokka (D:3)
  5 bats
  5 giant newts
  2 kobolds (D:3)
  5 rats
76 creatures vanquished.

Vanquished Creatures (others)
  2 gnolls (D:4)
  An adder (D:3)
3 creatures vanquished.

Grand Total: 79 creatures vanquished

Action                   |  1- 3 |  4- 6 || total
-------------------------+-------+-------++-------
Melee: Spear             |   127 |   183 ||   310
Invok: Banish            |       |     3 ||     3
  Use: Scroll            |     3 |     4 ||     7
       Potion            |       |     2 ||     2
 Stab: Sleeping          |       |     2 ||     2
  Eat: Chunk             |     1 |     6 ||     7
       Meat ration       |       |     1 ||     1

Vault maps used:
D:1:      roderic_crop_circles_arrival_small
D:2:      first_bread
D:3:      kennysheep_the_goblin_king, lemuel_crystal_altar
D:4:      portal_sewer_entry_b, serial_shops,
          nicolae_shop_temple_entry_statues_fountains, uniq_menkaure, uniq_iyjb,
          uniq_edmund
